 Dungeon Crawl Stone Soup version 0.30-a0-154-gb106f4c828 (webtiles) character file.

Game seed: 16366838963477947305

1441 Decritt the Digger (level 8, -2/48 HPs)
             Began as a Gargoyle Earth Elementalist on Sept 27, 2022.
             Was an Initiate of Vehumet.
             Slain by a manticore (3 damage)
             ... on level 7 of the Dungeon.
             The game lasted 00:14:50 (8844 turns).

Decritt the Digger (Gargoyle Earth Elementalist)    Turns: 8844, Time: 00:14:50

Health: -2/48      AC: 18    Str: 17    XL:     8   Next: 74%
Magic:  4/12       EV: 11    Int: 19    God:    Vehumet [......]
Gold:   301        SH:  0    Dex: 10    Spells: 9/13 levels left

rFire   . . .      SeeInvis +    z - +2 spear (venom)
rCold   . . .      Faith    .    (no shield)
rNeg    + . .      Spirit   .    y - +0 ring mail
rPois   ∞          Reflect  .    A - +2 hat
rElec   +          Harm     .    v - +1 cloak
rCorr   .          Rampage  .    f - +2 pair of gloves
Will    .....                    (no boots)
Stlth   +.........               (no amulet)
HPRegen 0.16/turn                j - +6 ring of strength
MPRegen 0.13/turn                n - ring of see invisible

@: no status effects
A: sickness immunity, AC +5, negative energy resistance 1, electricity
resistance, torment resistance 1, petrification resistance
a: Renounce Religion


You were on level 7 of the Dungeon.
You worshipped Vehumet.
Vehumet was noncommittal.
You visited 2 branches of the dungeon, and saw 8 of its levels.

You collected 301 gold pieces.

Inventory:

Hand Weapons
 z - a +2 spear of venom (weapon)
Missiles
 a - a throwing net
Armour
 f - a +2 pair of gloves (worn)
 q - a +2 plate armour of fire resistance
 t - a +0 kite shield
 v - a +1 cloak (worn)
 y - a +0 ring mail (worn)
 A - a +2 hat (worn)
Jewellery
 j - a +6 ring of strength (left hand)
 n - a ring of see invisible (right hand)
Wands
 i - a wand of quicksilver (6)
 D - a wand of flame (7)
Scrolls
 d - a scroll of fog
 k - a scroll of teleportation
 m - 3 scrolls of poison
 w - a scroll of amnesia
 B - a scroll of blinking
 C - a scroll of noise {unknown}
Potions
 b - 2 potions of magic
 c - 3 potions of mutation
 e - a potion of lignification {unknown}
 g - 3 potions of ambrosia
 h - 5 potions of curing
 l - 2 potions of flight
 o - a potion of berserk rage {unknown}
 p - 4 potions of brilliance
 s - a potion of haste {unknown}
 u - a potion of attraction {unknown}
 E - a potion of degeneration {unknown}


   Skills:
 + Level 4.6 Fighting
 + Level 4.3 Armour
 + Level 3.9 Dodging
 - Level 2.1 Stealth
 + Level 2.2 Shields
 - Level 3.2 Spellcasting
 + Level 4.6 Conjurations
 - Level 0.7 Transmutations
 + Level 6.4 Earth Magic


You had 9 spell levels left.
You knew the following spells:

 Your Spells              Type           Power      Damage    Failure   Level
a - Sandblast             Erth           54%        2d13      1%          1
b - Stone Arrow           Conj/Erth      48%        3d10      8%          3

Your spell library contained the following spells:

 Spells                   Type           Power      Damage    Failure   Level
 Passwall                 Tmut/Erth      13%        N/A       9%          2
 Petrify                  Tmut/Erth      16%        N/A       52%         4


Dungeon Overview and Level Annotations

Branches:
Dungeon (7/15)             Temple (1/1) D:4

Altars:
Ashenzari
Cheibriados
Dithmenos
Elyvilon
Fedhas
Gozag
Hepliaklqana
Kikubaaqudgha
Makhleb
Nemelex Xobeh
Okawaru
Qazlal
Ru
Sif Muna
Trog
Uskayaw
Vehumet
Wu Jian
Xom
Yredelemnul
Zin
The Shining One

Shops:
D:6 (


Innate Abilities, Weirdness & Mutations

You are immune to sickness and miasma.
Your stone body is resilient. (AC +5)
You are immune to poison.
You resist negative energy. (rN+)
You are resistant to electric shocks. (rElec)
You are resistant to unholy torment.
You are immune to petrification.


Message History

The manticore closely misses you. The manticore claws you.
* * * LOW HITPOINT WARNING * * *
Casting: Sandblast (safe; 1% risk of failure)
Confirm with . or Enter, or press ? or * to list all spells.
Aiming: Sandblast (safe; 1% risk of failure)
Press: ? - help, Shift-Dir - straight line, f/p - manticore
Aim: a manticore (severely wounded, 90% to hit)
The blast of sand hits the manticore.
The manticore is almost dead.
The manticore misses you. The manticore closely misses you.
The manticore claws you but does no damage.
The manticore bites you but does no damage.
The manticore claws you but does no damage.
The manticore claws you!
* * * LOW HITPOINT WARNING * * *
You feel much better. The manticore bites you!
* * * LOW HITPOINT WARNING * * *
The manticore claws you.
* * * LOW HITPOINT WARNING * * *
The manticore claws you but does no damage.
Casting: Sandblast (safe; 1% risk of failure)
Confirm with . or Enter, or press ? or * to list all spells.
Aiming: Sandblast (safe; 1% risk of failure)
Press: ? - help, Shift-Dir - straight line, f/p - manticore
Aim: a manticore (almost dead, 90% to hit)
The blast of sand hits the manticore.
The manticore is almost dead.
The manticore closely misses you. The manticore claws you.
* * * LOW HITPOINT WARNING * * *
The manticore claws you but does no damage.
Casting: Sandblast (safe; 1% risk of failure)
Confirm with . or Enter, or press ? or * to list all spells.
Aiming: Sandblast (safe; 1% risk of failure)
Press: ? - help, Shift-Dir - straight line, f/p - manticore
Aim: a manticore (almost dead, 90% to hit)
The blast of sand misses the manticore.
The manticore closely misses you. The manticore claws you!
* * * LOW HITPOINT WARNING * * *
The manticore claws you.
You die...

###########
########.........#
#......#......)..#
#......#.........#
#..(...'.........#
#?.....#.........#
#......#.........#
#.....H#.........#
#.....@#...H.....#
#......#...........
####'###.....)......
#......#............
#......#............
#......#...........
#...##.#
#...##'###########
#....#............#


You could see a manticore.

Vanquished Creatures
  Grinder (D:4)
  2 water moccasins
  A sky beast (D:6)
  2 black bears (D:6)
  2 phantoms (D:4)
  A kobold brigand (D:7)
  2 bullfrogs
  A gnoll sergeant (D:5)
  A necrophage (D:6)
  2 scorpions
  Natasha (twice) (D:4)
  Robin (D:2)
  3 gnolls
  3 adders
  A white imp (D:6)
  An ufetubus (D:6)
  A worm (D:4)
  3 dart slugs
  3 orcs
  9 ball pythons
  6 endoplasms
  4 giant cockroaches
  13 goblins
  6 hobgoblins
  3 quokkas
  5 bats
  A frilled lizard (D:1)
  9 kobolds
  6 rats
95 creatures vanquished.

Notes
Turn   | Place    | Note
-------+----------+-------------------------------------------
     0 | D:1      | Decritt the Gargoyle Earth Elementalist began the quest for
                  | the Orb.
     0 | D:1      | Reached XP level 1. HP: 10/10 MP: 3/3
   219 | D:1      | Reached XP level 2. HP: 16/16 MP: 3/5
  1484 | D:2      | Reached skill level 1 in Fighting
  1485 | D:2      | Reached XP level 3. HP: 20/20 MP: 1/6
  1593 | D:2      | Reached skill level 1 in Conjurations
  1823 | D:2      | Reached skill level 1 in Armour
  2395 | D:3      | Noticed Robin
  2714 | D:3      | Reached skill level 4 in Earth Magic
  2722 | D:2      | Killed Robin
  2723 | D:2      | Reached XP level 4. HP: 9/25 MP: 0/7
  3105 | D:3      | Found a snail-covered altar of Cheibriados.
  3460 | D:4      | Noticed Grinder
  3469 | D:4      | Paralysed by Grinder for 2 turns
  3476 | D:4      | Paralysed by Grinder for 3 turns
  4192 | D:4      | Paralysed by Grinder for 4 turns
  4328 | D:4      | Killed Grinder
  4329 | D:4      | Reached XP level 5. HP: 25/31 MP: 1/9
  4329 | D:4      | Reached XP level 6. HP: 29/36 MP: 1/10
  4851 | D:4      | You fall into a shaft and drop 1 floor!
  4851 | D:5      | Entered Level 5 of the Dungeon
  5261 | D:6      | Learned a level 3 spell: Stone Arrow
  5392 | D:6      | Noticed a black bear
  5396 | D:6      | Killed a black bear
  5616 | D:6      | Reached skill level 5 in Earth Magic
  5616 | D:6      | Reached XP level 7. HP: 41/41 MP: 6/11
  6007 | D:4      | Noticed Natasha
  6011 | D:4      | Killed Natasha
  6164 | D:4      | Found a staircase to the Ecumenical Temple.
  6178 | Temple   | Entered the Ecumenical Temple
  6650 | D:4      | Noticed Natasha
  6660 | D:4      | Killed Natasha
  7604 | D:6      | Found a radiant altar of Vehumet.
  7608 | D:6      | Became a worshipper of Vehumet
  7690 | D:6      | Reached XP level 8. HP: 48/48 MP: 10/12
  8051 | D:6      | Reached skill level 1 in Shields
  8129 | D:6      | Found Dicw's Weapon Emporium.
  8135 | D:6      | Reached skill level 6 in Earth Magic
  8822 | D:7      | Noticed a manticore
  8844 | D:7      | HP: 1/48 [manticore (10)]
  8844 | D:7      | Slain by a manticore

Illustrated notes

Levels and vault maps discovered:
D:1:      dpeg_arrival_central, layout_loops_corners, minmay_liquid_box,
          hangedman_decor_push
D:2:      layout_loops_corners, chequers_decorated_corner
D:3:      layout_rooms, old_standard_altar, minmay_misc_feat_pillars,
          kennysheep_generic_room_6, uniq_robin
D:4:      layout_basic, minmay_temple_entry_mini_moons, uniq_natasha,
          uniq_grinder
D:5:      layout_cave_pools
D:6:      layout_basic, mainiacjoe_overflow_tiny_flanked, serial_shops,
          kennysheep_little_box, chequers_serial_rivers_micro_d
D:7:      layout_gridville, st_stairs_4, dreamdust_princess_bridge,
          uniq_crazy_yiuf_cottage, uniq_menkaure
Temple:   mainiacjoe_temple_cubbyholes

Skill      XL: |  1  2  3  4  5  6  7  8 |
---------------+-------------------------+-----
Fighting       | 1 2 3 4 |  4.6
Conjurations   | 1 2 3 4 |  4.6
Armour         | 1 2 3 4 |  4.3
Earth Magic    | 4 5 6 |  6.4
Dodging        | 2 3 |  3.9
Spellcasting   | 3 |  3.2
Shields        | 2 |  2.2
Stealth        | |  2.1
Transmutations | |  0.7

Action                   |  1- 3 |  4- 6 |  7- 9 || total
-------------------------+-------+-------+-------++-------
Melee: Club              |    10 |     4 |       ||    14
       Dagger            |       |    33 |     2 ||    35
       Punch             |       |     2 |       ||     2
       Spear             |       |       |    60 ||    60
 Cast: Sandblast         |    61 |    53 |    74 ||   188
  Use: Potion            |       |     1 |     2 ||     3
       Scroll            |       |    10 |     5 ||    15
Armor: Robe              |     4 |       |       ||     4
       Leather armour    |    14 |    46 |    10 ||    70
       Ring mail         |       |       |    51 ||    51
Dodge: Dodged            |    32 |    56 |    65 ||   153

Table legend: (Time is in decaauts)
 A = Elapsed time spent in this place.
 B = Non-inter-level travel time spent in this place.
 C = Inter-level travel time spent in this place.
 D = Time resting spent in this place.
 E = Time spent auto-exploring this place.
 F = Levels seen in this place.
 G = Mean time per level.
                   A        B        C        D        E       F      G
               +--------+--------+--------+--------+--------+-----+--------+
         Total |   8955 |   8675 |    280 |   3552 |   4033 |   8 | 1119.4 |
       Dungeon |   8596 |   8369 |    227 |   3552 |   3731 |   7 | 1228.0 |
        Temple |    358 |    305 |     53 |      0 |    302 |   1 |  358.0 |
               +--------+--------+--------+--------+--------+-----+--------+

Top non-repeatable levels by time:
     D:3: 1788 daAuts
     D:2: 1430 daAuts
     D:1: 1421 daAuts
     D:6: 1409 daAuts
     D:4: 1171 daAuts
     D:7: 689 daAuts
     D:5: 685 daAuts
  Temple: 358 daAuts
